 Dungeon Crawl Stone Soup version 0.24.0-37-gcf1ca852f1 (webtiles) character file.

Game seed: 6620449210926620113, levelgen mode: deterministic

5992 glosham the Fighter (level 10, -20/85 HPs)
             Began as a Mummy Abyssal Knight on Dec 5, 2019.
             Was an Elder of Lugonu.
             Killed from afar by a fire dragon (54 damage)
             ... with a blast of flame
             ... on level 9 of the Dungeon.
             The game lasted 01:58:42 (5689 turns).

glosham the Fighter (Mummy Abyssal Knight)          Turns: 5689, Time: 01:58:43

Health: -20/85     AC: 22    Str: 23    XL:     10   Next: 55%
Magic:  11/11      EV: 10    Int: 11    God:    Lugonu [****..]
Gold:   279        SH:  0    Dex: 11    Spells: 9/9 levels left

rFire    x . .     SeeInvis +   a - +12 dagger "Jellyslayer" {pierce, rElec}
rCold    + . .     Gourm    .   (no shield)
rNeg     + + +     Faith    .   X - +0 plate armour
rPois    ∞         Spirit   .   U - +2 helmet
rElec    +         Reflect  .   Y - +1 cloak (curse)
rCorr    .         Harm     .   (no gloves)
MR       +....                  W - +2 pair of boots of the Assassin {Detection Stab+ Stlth++}
Stlth    ..........             z - amulet of regeneration
HPRegen  0.64/turn              A - +3 ring of strength
MPRegen  0.12/turn              B - ring of see invisible

@: about to teleport
A: no food or potions, fire vulnerability, cold resistance 1, negative energy
resistance 3, torment resistance, unbreathing
a: Depart the Abyss, Bend Space, Banish, Corrupt, Renounce Religion


You were on level 9 of the Dungeon.
You worshipped Lugonu.
Lugonu was greatly pleased with you.
You were not hungry.

You visited 1 branch of the dungeon, and saw 9 of its levels.
You visited the Abyss 1 time.

You collected 691 gold pieces.
You spent 412 gold pieces at shops.

Inventory:

Hand Weapons
 a - the +12 dagger "Jellyslayer" (weapon) {pierce, rElec}
   (You found it on level 4 of the Dungeon)

   It inflicts extra damage upon your enemies.
   It insulates you from electricity.
 b - a +6 quarterstaff of chaos
 c - a +0 war axe
 d - a +2 quarterstaff of crushing
 v - a +0 halberd
 w - a +2 spear of piercing
 y - a +0 shortbow
Missiles
 f - 62 poisoned darts (quivered)
 g - 109 bolts
 h - 105 arrows
 i - 262 stones
 l - 89 sling bullets
 r - 7 boomerangs
 s - a throwing net
Armour
 C - a +0 robe of cold resistance
 D - the +0 scale mail of the Special Lies {rF+ Str-2 Int+4}
   (You bought it in a shop on level 4 of the Dungeon)

   It affects your strength (-2).
   It affects your intelligence (+4).
   It protects you from fire.
 E - the cursed +1 plate armour "Jydghikey" {rElec MR- rCorr Str+6}
   (You took it off an orc warrior on level 6 of the Dungeon)

   It affects your strength (+6).
   It insulates you from electricity.
   It affects your resistance to hostile enchantments.
   It provides partial protection from all sources of acid and corrosion.
   It has a curse placed upon it.
 U - a +2 helmet (worn)
 W - the +2 pair of boots of the Assassin (worn) {Detection Stab+ Stlth++}
   (You found it on level 6 of the Dungeon)

   It makes you much more stealthy.
 X - a +0 plate armour (worn)
 Y - a cursed +1 cloak (worn)
 Z - a +0 shield
Magical Staves
 x - an uncursed staff of summoning
Jewellery
 z - an amulet of regeneration (around neck)
 A - a +3 ring of strength (left hand)
 B - a ring of see invisible (right hand)
Wands
 q - a wand of acid (4)
 t - a wand of paralysis (9)
 u - a wand of random effects (9)
Scrolls
 e - 4 scrolls of immolation
 j - 3 scrolls of amnesia
 k - 4 scrolls of teleportation
 m - a scroll of brand weapon
 n - a scroll of magic mapping
 o - 5 scrolls of remove curse
 p - 4 scrolls of identify
Miscellaneous
 F - a fan of gales


   Skills:
 * Level 10.0 Fighting
 - Level 3.4 Axes
 + Level 7.5 Armour
 + Level 7.3 Dodging
 - Level 1.5 Invocations


You had 9 spell levels left.
You didn't know any spells.
Your spell library contained the following spells:

 Spells                   Type           Power        Failure   Level  Hunger
 Animate Skeleton         Necr           N/A          99%         1    N/A
 Apportation              Tloc           #.....       99%         1    N/A
 Confusing Touch          Hex            #.....       99%         1    N/A
 Summon Small Mammal      Summ           #...         99%         1    N/A

Dungeon Overview and Level Annotations

Branches:
Dungeon (9/15)             Temple (0/1) D:6
   Lair: D:8-11         Orc: D:9-12

Altars:
Dithmenos
Elyvilon
Fedhas
Gozag
Kikubaaqudgha
Makhleb
Nemelex Xobeh
Okawaru
Qazlal
Trog
Vehumet
Xom
Yredelemnul
Beogh

Shops:
D:4 *


Innate Abilities, Weirdness & Mutations

You do not eat or drink.
Your flesh is vulnerable to fire.
You are immune to poison.
Your flesh is cold resistant. (rC+)
You are immune to negative energy. (rN+++)
You are immune to unholy pain and torment.
You can survive without breathing.


Message History

Found 22 gold pieces.
Evoke which item? (* to show all) (? for menu, Esc to quit)
Okay, then.
Evoke which item? (* to show all) (? for menu, Esc to quit)
Aiming: Paralyse
Press: ? - help, Shift-Dir - straight line, f - fire dragon
Aim: a fire dragon (chance to defeat MR: 15%)
Okay, then.
Evoke which item? (* to show all) (? for menu, Esc to quit)
Aiming: Corrosive Bolt
Press: ? - help, Shift-Dir - straight line, f - you
Okay, then.
Okay, then.
Evoke which item? (* to show all) (? for menu, Esc to quit)
Aiming: Paralyse
Press: ? - help, Shift-Dir - straight line, f - fire dragon
Aim: a fire dragon (chance to defeat MR: 15%)
The fire dragon resists with almost no effort.
Evoke which item? (* to show all) (? for menu, Esc to quit)
Aiming: Corrosive Bolt
Press: ? - help, Shift-Dir - straight line, f/p - fire dragon
Aim: a fire dragon The bolt of acid hits the fire dragon but does no damage.
Evoke which item? (* to show all) (? for menu, Esc to quit)
Aiming: Corrosive Bolt
Press: ? - help, Shift-Dir - straight line, f/p - fire dragon
Aim: a fire dragon (lava)
The bolt of acid hits the fire dragon.
The fire dragon is splashed with acid.
The fire dragon is lightly wounded.
The fire dragon breathes flames at you. The blast of flame hits you!!!
The fire burns you terribly!
Ouch! That really hurt!
As you read the scroll of teleportation, it crumbles to dust.
You feel strangely unstable. The fire dragon breathes flames at you.
The blast of flame hits you!!! The fire burns you terribly!
Ouch! That really hurt!
You die...

#### ####§≈≈###
###..§§≈≈...
##...§≈≈≈...§
###....§§§≈§§§§
#####.........§D§§§
######..........@..≈§§≈≈
#......#####........≈≈§§
#.###### ##.......≈§§≈
..# ####...≈≈≈≈§ .##
######≈≈§ .#### §≈ ....#
≈ ###.# ###.######


You could see a fire dragon.

Vanquished Creatures
  2 two-headed ogres
  A troll (D:9)
  A hippogriff (D:8)
  A wyvern (D:8)
  A warg (D:6)
  A soldier ant (D:9)
  2 water moccasins
  Duvessa (D:6)
  4 orc warriors
  3 black bears
  A necrophage (D:9)
  4 ice beasts
  5 ogres
  A phantom (D:7)
  A centaur (D:9)
  A crocodile (D:9)
  The ghost of Nilihum the Bolt Thrower, an amateur KoHu (D:6)
  2 bullfrogs
  A gnoll sergeant (D:7)
  Dowan (D:6)
  2 scorpions
  7 killer bees
  3 wights (D:6)
  A howler monkey (D:6)
  2 crimson imps (D:8)
  An orc wizard (D:6)
  3 centaur zombies (D:7)
  2 jellies
  Crazy Yiuf (D:2)
  2 orc priests
  4 hounds
  4 iguanas
  4 worker ants
  A worker ant zombie (D:6)
  A howler monkey zombie (D:7)
  5 adders
  12 gnolls
  2 shadow imps (D:7)
  An ooze (D:4)
  3 worms
  2 dart slugs
  7 leopard geckos
  35 orcs
  A ball python (D:4)
  13 giant cockroaches
  13 goblins
  5 hobgoblins
  2 jackals (D:6)
  5 quokkas
  8 bats
  8 frilled lizards
  2 kobolds (D:3)
  4 rats
201 creatures vanquished.

Notes
Turn   | Place    | Note
-------+----------+-------------------------------------------
     0 | Abyss:1  | glosham the Mummy Abyssal Knight began the quest for the
                  | Orb.
     0 | Abyss:1  | Reached XP level 1. HP: 18/18 MP: 2/2
    47 | Abyss:1  | Noticed an iron imp
    97 | Abyss:2  | Noticed a blizzard demon
   116 | D:1      | Escaped the Abyss
   212 | D:1      | Reached skill level 2 in Axes
   285 | D:1      | Reached XP level 2. HP: 5/24 MP: 3/3
   292 | D:1      | HP: 2/24 [dart slug/slug dart (4)]
   504 | D:1      | Reached * piety under Lugonu
   752 | D:2      | Found a runed translucent door.
   753 | D:2      | Noticed Crazy Yiuf
   766 | D:2      | Killed Crazy Yiuf
   766 | D:2      | Reached skill level 3 in Axes
   766 | D:2      | Reached XP level 3. HP: 7/29 MP: 4/4
  1182 | D:2      | Found a sparkling altar of Nemelex Xobeh.
  1185 | D:2      | Found a blossoming altar of Fedhas.
  1206 | D:2      | Found a white marble altar of Elyvilon.
  1208 | D:2      | Found a stormy altar of Qazlal.
  1268 | D:3      | Reached XP level 4. HP: 35/35 MP: 5/5
  1536 | D:3      | Reached skill level 4 in Fighting
  1553 | D:3      | Reached XP level 5. HP: 18/43 MP: 6/6
  1705 | D:3      | Reached ** piety under Lugonu
  1855 | D:4      | Found Coub's Assorted Antiques.
  1861 | D:4      | Bought a glowing chain mail for 187 gold pieces
  1943 | D:4      | Found a sparkling altar of Nemelex Xobeh.
  2048 | D:4      | Reached skill level 5 in Fighting
  2179 | D:4      | Reached XP level 6. HP: 50/51 MP: 7/7
  2274 | D:4      | Identified the +12 dagger "Jellyslayer" {pierce, rElec}
                  | (You found it on level 4 of the Dungeon)
  2440 | D:4      | Reached skill level 6 in Fighting
  2450 | D:5      | Entered Level 5 of the Dungeon
  2467 | D:5      | Found a radiant altar of Vehumet.
  2467 | D:5      | Noticed a water moccasin
  2469 | D:5      | Found a transporter.
  2469 | D:5      | Found a basalt altar of Yredelemnul.
  2478 | D:5      | Found a transporter.
  2594 | D:5      | Reached skill level 1 in Dodging
  2631 | D:5      | Reached skill level 2 in Armour
  2662 | D:5      | Noticed an ice beast
  2668 | D:5      | Killed an ice beast
  2668 | D:5      | Reached skill level 2 in Dodging
  2668 | D:5      | Reached XP level 7. HP: 35/58 MP: 8/8
  2742 | D:5      | Found a shadowy altar of Dithmenos.
  2764 | D:5      | Found a burning altar of Makhleb.
  2885 | D:5      | Reached skill level 3 in Armour
  2892 | D:5      | Reached *** piety under Lugonu
  2942 | D:5      | Found a shimmering altar of Xom.
  3023 | D:5      | Reached skill level 3 in Dodging
  3074 | D:6      | Found an iron altar of Okawaru.
  3094 | D:6      | Found an opulent altar of Gozag.
  3430 | D:6      | Reached skill level 4 in Armour
  3430 | D:6      | Reached XP level 8. HP: 64/64 MP: 9/9
  3435 | D:6      | Reached skill level 4 in Dodging
  3539 | D:6      | Noticed Duvessa
  3539 | D:6      | Noticed Dowan
  3554 | D:6      | Killed Duvessa
  3559 | D:6      | Killed Dowan
  3559 | D:6      | Reached skill level 5 in Armour
  3578 | D:6      | Found a runed translucent gate.
  3578 | D:6      | Identified the +8 whip of Gravity {speed, *Noise *Drain
                  | rPois Int+4}
  3578 | D:6      | Identified the cursed +1 plate armour "Jydghikey" {rElec
                  | MR- rCorr Str+6}
  3579 | D:6      | Found a runed translucent gate.
  3579 | D:6      | Found a runed translucent gate.
  3579 | D:6      | Noticed Nilihum's ghost (amateur KoHu)
  3597 | D:6      | Reached skill level 5 in Dodging
  3611 | D:6      | Killed Nilihum's ghost
  3620 | D:6      | Reached XP level 9. HP: 26/69 MP: 10/10
  3642 | D:6      | Found a roughly hewn altar of Beogh.
  3645 | D:6      | Found the +2 pair of boots of the Assassin {Detection Stab+
                  | Stlth++}
  3675 | D:6      | Found a staircase to the Ecumenical Temple.
  3868 | D:4      | Bought a bloodstained scale mail for 225 gold pieces
  3868 | D:4      | Identified the +0 scale mail of the Special Lies {rF+ Str-2
                  | Int+4} (You bought it in a shop on level 4 of the Dungeon)
  4149 | D:7      | Reached skill level 6 in Armour
  4178 | D:7      | Reached **** piety under Lugonu
  4274 | D:7      | Reached skill level 6 in Dodging
  4276 | D:7      | Found a bloodstained altar of Trog.
  4286 | D:7      | Reached skill level 7 in Fighting
  4569 | D:8      | Noticed a two-headed ogre
  4594 | D:8      | Killed a two-headed ogre
  4594 | D:8      | Reached skill level 8 in Fighting
  4706 | D:8      | Reached XP level 10. HP: 30/82 MP: 11/11
  4748 | D:8      | Reached skill level 7 in Armour
  4777 | D:8      | Reached skill level 9 in Fighting
  5228 | D:9      | Reached skill level 7 in Dodging
  5275 | D:9      | Found an ancient bone altar of Kikubaaqudgha.
  5528 | D:9      | Noticed a two-headed ogre
  5542 | D:9      | Killed a two-headed ogre
  5644 | D:9      | Reached skill level 10 in Fighting
  5685 | D:9      | Noticed a fire dragon
  5689 | D:9      | Killed from afar by a fire dragon

Levels and vault maps discovered:
D:1:      ncdulo_smallfort, layout_loops_cross, minmay_close_crescents
D:2:      layout_basic, nicolae_overflow_hidden_temple, lemuel_another_geyser,
          uniq_crazy_yiuf_cottage
D:3:      layout_loops_ring, small_statue_intersection
D:4:      layout_loops_ring, first_ration, serial_shops, shop,
          nemelex_lonely_heart_becter
D:5:      layout_loops_ring, bloody_makhleb, lemuel_round_altar,
          gammafunk_temple_overflow_arena, lemuel_doored_altar,
          kennysheep_cross_room, chequers_serial_rivers_small_b
D:6:      layout_loops_corners, grunt_gozag_statues, kennysheep_mini,
          minmay_temple_entry_slanted, biasface_ghost_orc_armoury, uniq_duvessa
D:7:      layout_loops_ring, trog_ov_bears_minmay
D:8:      layout_basic
D:9:      dragon1_lemuel, layout_irregular_city, overflow_temple_1_default

Skill      XL: |  1  2  3  4  5  6  7  8  9 10 |
---------------+-------------------------------+-----
Axes           | 2 3 |  3.4
Fighting       | 4 5 6 8 10 | 10.0
Dodging        | 2 3 5 6 7 |  7.3
Armour         | 2 4 5 6 7 |  7.5
Invocations    | |  1.5

Action                   |  1- 3 |  4- 6 |  7- 9 | 10-12 || total
-------------------------+-------+-------+-------+-------++-------
Melee: Hand axe          |    71 |       |       |       ||    71
       Quarterstaff      |    23 |   122 |       |       ||   145
       Dagger            |       |    35 |   241 |   121 ||   397
Throw: Stone             |     8 |       |       |       ||     8
       Dart              |       |    13 |     6 |       ||    19
Invok: Depart the Abyss  |     1 |       |       |       ||     1
       Bend Space        |       |       |     1 |       ||     1
Evoke: Wand              |     3 |       |    10 |    16 ||    29
  Use: Scroll            |     6 |     8 |     5 |     4 ||    23
 Stab: Sleeping          |     1 |       |       |       ||     1
       Paralysed         |       |       |    22 |       ||    22
       Confused          |       |       |       |     1 ||     1
Armor: Leather armour    |    31 |    18 |       |       ||    49
       Chain mail        |       |    39 |    51 |       ||    90
       Plate armour      |       |       |    83 |    62 ||   145
Dodge: Dodged            |    51 |    46 |    88 |    51 ||   236

Table legend:
 A = Turns spent in this place as a percentage of turns spent in the entire game.
 B = Non-inter-level travel turns spent in this place as a percentage of non-inter-level travel turns spent in the entire game.
 C = Inter-level travel turns spent in this place as a percentage of turns spent in this place.
 D = Turns resting spent in this place as a percentage of non-inter-level travel turns spent in this place.
 E = Turns spent auto-exploring this place as a percentage of non-inter-level travel turns spent in this place.
 F = Non-inter-level travel turns spent in this place divided by the number of levels of this place that you've seen.
                   A       B       C       D       E      F
               +-------+-------+-------+-------+-------+----------------------
         Total | 100.0 | 100.0 |  10.4 |   0.0 |   0.0 | 463.5
       Dungeon |  98.0 |  97.7 |  10.6 |   0.0 |   0.0 | 553.6
         Abyss |   2.0 |   2.3 |   0.0 |   0.0 |   0.0 |  58.0
               +-------+-------+-------+-------+-------+----------------------

Table legend:
 A = Kills in this place as a percentage of kills in entire the game.
 B = Kills by you in this place as a percentage of kills by you in the entire game.
 C = Kills by friends in this place as a percentage of kills by friends in the entire game.
 D = Other kills in this place as a percentage of other kills in the entire game.
 E = Experience gained in this place as a percentage of experience gained in the entire game.
 F = Experience gained in this place divided by the number of levels of this place that you have seen.
                   A       B       C       D       E      F
               +-------+-------+-------+-------+-------+----------------------
         Total | 100.0 | 100.0 |   N/A |   N/A | 100.0 | 778.2
       Dungeon | 100.0 | 100.0 |   N/A |   N/A | 100.0 | 951.1
               +-------+-------+-------+-------+-------+----------------------

Levels and vault maps discovered:
D:1:      ncdulo_smallfort, layout_loops_cross, minmay_close_crescents
D:2:      layout_basic, nicolae_overflow_hidden_temple, lemuel_another_geyser,
          uniq_crazy_yiuf_cottage
D:3:      layout_loops_ring, small_statue_intersection
D:4:      layout_loops_ring, first_ration, serial_shops, shop,
          nemelex_lonely_heart_becter
D:5:      layout_loops_ring, bloody_makhleb, lemuel_round_altar,
          gammafunk_temple_overflow_arena, lemuel_doored_altar,
          kennysheep_cross_room, chequers_serial_rivers_small_b
D:6:      layout_loops_corners, grunt_gozag_statues, kennysheep_mini,
          minmay_temple_entry_slanted, biasface_ghost_orc_armoury, uniq_duvessa
D:7:      layout_loops_ring, trog_ov_bears_minmay
D:8:      layout_basic
D:9:      dragon1_lemuel, layout_irregular_city, overflow_temple_1_default
